 Dungeon Crawl Stone Soup version 0.29-a0-925-g0a7a3d12f8 (webtiles) character file.

Game seed: 6756110989565942855

50 wilfster70 the Insei (level 3, -4/27 HPs)
             Began as a Demonspawn Transmuter on July 29, 2022.
             Slain by a gnoll
             ... wielding a +0 flail
              (12 damage)
             ... on level 1 of the Dungeon.
             The game lasted 00:03:35 (2595 turns).

wilfster70 the Insei (Demonspawn Transmuter)        Turns: 2595, Time: 00:03:36

Health: -4/27      AC:  2    Str: 10    XL:     3   Next: 55%
Magic:  6/6        EV: 12    Int: 16    God:
Gold:   66         SH:  0    Dex: 13    Spells: 6/7 levels left

rFire   . . .      SeeInvis .     - Unarmed
rCold   . . .      Faith    .   (no shield)
rNeg    . . .      Spirit   .   a - +0 robe
rPois   .          Reflect  .   (no helmet)
rElec   .          Harm     .   (no cloak)
rCorr   .          Rampage  .   (no gloves)
Will    .....                   (no boots)
Stlth   +.........              (no amulet)
HPRegen 0.09/turn               (no ring)
MPRegen 0.10/turn               (no ring)

@: no status effects
A: weakness stinger 1, demonic touch 1
a: no special abilities


You were on level 1 of the Dungeon.
You visited 1 branch of the dungeon, and saw 2 of its levels.

You collected 66 gold pieces.

Inventory:

Armour
 a - a +0 robe (worn)
Scrolls
 d - a scroll of teleportation
 e - a scroll of butterflies {unknown}
 f - a scroll of amnesia {unknown}
Potions
 b - 2 potions of resistance {unknown}
 c - a potion of attraction {unknown}


   Skills:
 + Level 1.9 Fighting
 - Level 1.7 Dodging
 + Level 3.1 Unarmed Combat
 + Level 2.5 Spellcasting
 + Level 2.3 Transmutations


You had 6 spell levels left.
You knew the following spells:

 Your Spells              Type           Power      Damage    Failure   Level
a - Beastly Appendage     Tmut           18%        N/A       8%          1

Your spell library contained the following spells:

 Spells                   Type           Power      Damage    Failure   Level
 Wereblood                Tmut           9%         N/A       11%         2
 Scorch                   Fire           4%         2d5       30%         2
 Spider Form              Tmut/Pois      5%         N/A       36%         3
 Ice Form                 Ice/Tmut       5%         N/A       77%         4
 Flame Wave               Conj/Fire      2%         2d4       89%         4
 Summon Cactus Giant      Summ           1%         N/A       100%        6


Dungeon Overview and Level Annotations

Branches:
Dungeon (2/15)

Altars:

Shops:
D:1 [*


Innate Abilities, Weirdness & Mutations

You have a small tail.
Your touch may inflict minor irresistible damage on your foes.


Message History

The quokka misses you.
You climb upwards.
There is a stone staircase leading down, spattered with blood here.
The gnoll attacks as you move away! The gnoll hits you with a +0 club.
The gnoll attacks as you move away! The gnoll barely misses you.
The gnoll hits you with a +0 club!
Casting: Beastly Appendage (safe; 8% risk of failure)
Confirm with . or Enter, or press ? or * to list all spells.
You grow a pair of large bovine horns.
Your feet morph into talons.
The gnoll hits you with a +0 club. The gnoll closely misses you.
You hit the gnoll.
You touch the gnoll.
The gnoll is severely wounded.
The gnoll hits you with a +0 club!
* * * LOW HITPOINT WARNING * * *
You hit the gnoll.
You kill the gnoll!
You barely miss the quokka. Your headbutt misses the quokka.
The quokka bites you but does no damage.
You hit the quokka.
You kill the quokka!
You start resting.
Your transformation is almost over.
Magic restored.
You start resting.
Your horns disappear.
Your talons disappear.
HP restored.
Things that are here:
a +0 club; a gnoll skeleton
There is a stone staircase leading down, spattered with blood here.
You climb downwards.
The gnoll closely misses you. The gnoll hits you with a +0 flail!
There is a stone staircase leading up, spattered with blood here.
The gnoll hits you with a +0 flail.
* * * LOW HITPOINT WARNING * * *
You climb upwards.
There is a stone staircase leading down, spattered with blood here.
The gnoll attacks as you move away! The gnoll closely misses you.
The gnoll attacks as you move away! The gnoll hits you with a +0 flail!
You die...

##############
#............#
#.##########.# #.#
#.# #.######## #.#
#........# #.#
#.######.# #.####
#.# #.# #.g@.#
###.# #.# ####.#
∩...# #.# #)# ###.#
#.# #.#
#.#.######.# #.#
...........# #.#
#..######### #.#
#..##############.#
................#.#


You could see a gnoll.

Vanquished Creatures
  A gnoll (D:1)
  An adder (D:1)
  2 dart slugs (D:1)
  3 endoplasms (D:1)
  2 giant cockroaches (D:1)
  3 goblins (D:1)
  A hobgoblin (D:1)
  A quokka (D:1)
  6 ball pythons (D:1)
  3 bats (D:1)
  4 kobolds (D:1)
  A rat (D:1)
28 creatures vanquished.

Notes
Turn   | Place    | Note
-------+----------+-------------------------------------------
     0 | D:1      | wilfster70 the Demonspawn Transmuter began the quest for
                  | the Orb.
     0 | D:1      | Reached XP level 1. HP: 15/15 MP: 3/3
   263 | D:1      | Found Yrrukoti's Antique Armour Emporium.
   318 | D:1      | Found Umegem's General Store.
   522 | D:1      | Discovered your monstrous ancestry.
   522 | D:1      | Gained mutation: You have a small tail. [demonic ancestry]
   522 | D:1      | Reached XP level 2. HP: 4/21 MP: 3/5
   987 | D:1      | Found a faded altar of an unknown god.
  1347 | D:1      | Reached skill level 3 in Unarmed Combat
  1945 | D:1      | Gained mutation: Your touch may inflict minor irresistible
                  | damage on your foes. [demonic ancestry]
  1945 | D:1      | Reached XP level 3. HP: 25/26 MP: 6/6
  2595 | D:1      | Slain by a gnoll

Illustrated notes

Levels and vault maps discovered:
D:1:      minmay_arrival_split_and_join, layout_loops_ring,
          hellmonk_ecumenical_altar_crossroads, serial_shops, shop, shop,
          minmay_split_cup_small
D:2:      minmay_diamond_boxcup, layout_basic, basic_altar, minmay_heptomino_d4

Skill      XL: |  1  2 |
---------------+-------+-----
Transmutations | 2 |  2.3
Unarmed Combat | 3 |  3.1
Fighting       | |  1.9
Dodging        | |  1.7
Spellcasting   | |  2.5

Action                   || total
-------------------------++-------
Melee: Unarmed           ||    81
       Kick              ||    14
       Tailslap          ||     7
       Headbutt          ||     4
       Touch             ||     2
 Cast: Beastly Appendage ||    15
  Use: Scroll            ||     3
       Potion            ||     1
 Stab: Sleeping          ||     1
Armor: Robe              ||    24
       Skin              ||     3
Dodge: Dodged            ||    75

Table legend: (Time is in decaauts)
 A = Elapsed time spent in this place.
 B = Non-inter-level travel time spent in this place.
 C = Inter-level travel time spent in this place.
 D = Time resting spent in this place.
 E = Time spent auto-exploring this place.
 F = Levels seen in this place.
 G = Mean time per level.
                   A        B        C        D        E       F      G
               +--------+--------+--------+--------+--------+-----+--------+
         Total |   2593 |   2519 |     74 |   1422 |    568 |   2 | 1296.5 |
       Dungeon |   2593 |   2519 |     74 |   1422 |    568 |   2 | 1296.5 |
               +--------+--------+--------+--------+--------+-----+--------+

Top non-repeatable levels by time:
     D:1: 2582 daAuts
     D:2: 10 daAuts
